 Dungeon Crawl Stone Soup version 0.30-a0-561-g1b0378597e (webtiles) character file.

Game seed: 17174058621575440148

107 Bnni the Vexing (level 5, -17/38 HPs)
             Began as a Formicid Hexslinger on Dec 28, 2022.
             Was an Initiate of Okawaru.
             Demolished by an ogre
             ... wielding a +0 giant club
              (32 damage)
             ... on level 4 of the Dungeon.
             The game lasted 00:03:10 (2906 turns).

Bnni the Vexing (Formicid Hexslinger)               Turns: 2906, Time: 00:03:11

Health: -17/38     AC:  2    Str: 15    XL:     5   Next: 11%
Magic:  24/25      EV: 12    Int: 14    God:    Okawaru [......]
Gold:   217        SH:  0    Dex: 14    Spells: 3/7 levels left

rFire   . . .      SeeInvis +    a - +1 sling
rCold   . . .      Faith    .    (no shield)
rNeg    . . .      Spirit   .    c - +0 robe
rPois   .          Reflect  .    (helmet unavailable)
rElec   .          Harm     .    (no cloak)
rCorr   .          Rampage  .    (no gloves)
Will    .....                    (no boots)
Stlth   +                        (no amulet)
HPRegen 0.26/turn                u - ring of magical power
MPRegen 0.19/turn                h - ring of magical power

@: no status effects
A: permanent stasis, dig shafts and tunnels, antennae 3, four strong arms
a: Dig, Shaft Self, Renounce Religion


You were on level 4 of the Dungeon.
You worshipped Okawaru.
Okawaru was noncommittal.
You visited 1 branch of the dungeon, and saw 4 of its levels.

You collected 217 gold pieces.

Inventory:

Hand Weapons
 a - a +1 sling (weapon)
Armour
 c - a +0 robe (worn)
Jewellery
 h - a ring of magical power (right hand)
 u - a ring of magical power (left hand)
Wands
 t - a wand of light (5)
Scrolls
 b - a scroll of poison
 i - 3 scrolls of enchant armour {unknown}
 j - 4 scrolls of magic mapping {unknown}
 n - 3 scrolls of amnesia {unknown}
 q - a scroll of brand weapon {unknown}
 s - a scroll of teleportation {unknown}
Potions
 d - 2 potions of mutation
 e - 2 potions of invisibility {unknown}
 f - 2 potions of degeneration {unknown}
 g - 2 potions of heal wounds
 k - a potion of lignification {unknown}
 m - 3 potions of brilliance {unknown}
 p - 2 potions of might {unknown}
 r - 3 potions of curing {unknown}


   Skills:
 + Level 2.0 Fighting
 * Level 3.1 Ranged Weapons
 - Level 1.7 Dodging
 + Level 1.8 Spellcasting
 * Level 4.6 Hexes
 + Level 1.4 Fire Magic


You had 3 spell levels left.
You knew the following spells:

 Your Spells              Type           Power      Damage    Failure   Level
a - Slow                  Hex            56%        N/A       3%          1
b - Inner Flame           Hex/Fire       9%         N/A       22%         3

Your spell library contained the following spells:

 Spells                   Type           Power      Damage    Failure   Level
 Portal Projectile        Hex/Tloc       14%        N/A       28%         3
 Cause Fear               Hex            7%         N/A       36%         4


Dungeon Overview and Level Annotations

Branches:
Dungeon (4/15)
 Temple: D:4-7

Altars:
Nemelex Xobeh
Okawaru


Innate Abilities, Weirdness & Mutations

You cannot be hasted, slowed, berserked, paralysed or teleported.
You can dig through walls and to a lower floor.
You have a pair of large antennae on your head. (SInv)
Your four strong arms can wield two-handed weapons with a shield.


Message History

You feel sick.
You feel sick. The adder bites you but does no damage.
There is a stone staircase leading up here.
You feel sick. The adder bites you but does no damage.
You climb upwards.
You feel sick.
You are no longer poisoned.
There is a stone staircase leading down here.
Casting: Slow (safe; 3% risk of failure)
Confirm with . or Enter, or press ? or * to list all spells.
Aiming: Slow (safe; 3% risk of failure)
Press: ? - help, Shift-Dir - straight line, f - adder
Aim: an adder (inner flame, chance to affect: 56%)
The adder seems to slow down.
The adder closely misses you.
Fire: a) +1 sling
Press: ? - help, Shift-Dir - straight line, f/p - adder
Aim: an adder (inner flame, slow, 40% to hit)
You shoot a sling bullet. The sling bullet hits the adder.
Flame seeps out of the adder.
The adder is lightly wounded.
The adder is engulfed in blazing flames.
Okawaru accepts your kill.
The adder explodes!
You start resting.
HP restored.
You start waiting.
Done waiting.
There is a stone staircase leading down here.
You climb downwards.
The ogre hits you with a +0 giant club!!
Ouch! That really hurt!
There is a stone staircase leading up, spattered with blood here.
Casting: Slow (safe; 3% risk of failure)
Confirm with . or Enter, or press ? or * to list all spells.
Aiming: Slow (safe; 3% risk of failure)
Press: ? - help, Shift-Dir - straight line, f - ogre
Aim: an ogre, wielding a +0 giant club (chance to affect: 48%)
The ogre resists with some effort.
The ogre hits you with a +0 giant club!!
Ouch! That really hurt!
You die...

.......# #......#
......## #....$.
####.....#
.........## .
.###......#####.#
.......<........
.###...@..#..##
#...O....#
####...#####.
#.######..###....
#................
######..........#
#.........##
.....
#...........
........
#...........


You could see an ogre.

Vanquished Creatures
  6 adders
  A worm (D:3)
  A dart slug (D:2)
  2 orcs (D:3)
  2 endoplasms
  A giant cockroach (D:2)
  6 goblins
  3 hobgoblins
  2 jackals (D:2)
  3 quokkas
  3 ball pythons
  3 bats
  3 frilled lizards
  7 kobolds
  3 rats
46 creatures vanquished.

Notes
Turn   | Place    | Note
-------+----------+-------------------------------------------
     0 | D:1      | Bnni the Formicid Hexslinger began the quest for the Orb.
     0 | D:1      | Reached XP level 1. HP: 15/15 MP: 2/2
   236 | D:1      | Reached XP level 2. HP: 21/21 MP: 3/3
  1026 | D:2      | Reached skill level 4 in Hexes
  1040 | D:2      | Reached XP level 3. HP: 26/26 MP: 5/5
  1044 | D:2      | Learned a level 3 spell: Inner Flame
  1234 | D:2      | Found a faded altar of an unknown god.
  1351 | D:2      | Found an iron altar of Okawaru.
  1359 | D:2      | Became a worshipper of Warmaster Okawaru
  1363 | D:2      | Reached XP level 4. HP: 33/33 MP: 6/6
  1366 | D:2      | Reached skill level 1 in Fire Magic
  1697 | D:3      | Found a sparkling altar of Nemelex Xobeh.
  2551 | D:4      | Reached XP level 5. HP: 21/38 MP: 7/7
  2681 | D:4      | Noticed an ogre
  2906 | D:4      | Demolished by an ogre

Illustrated notes

Levels and vault maps discovered:
D:1:      arrival_zaba_pyramid, layout_loops_corners
D:2:      layout_rooms, ebering_ecumenical_altar_hall, basic_altar,
          minmay_tetromino_o2
D:3:      layout_loops_cross, nemelex_diamond_rough_becter
D:4:      layout_basic, serial_glass, glass_columns_b, glass_columns_b,
          hangedman_feature_mirror

Skill      XL: |  1  2  3  4 |
---------------+-------------+-----
Hexes          | 4 |  4.6
Fire Magic     | 1 |  1.4
Ranged Weapons | 3 |  3.1
Fighting       | 2 |  2.0
Dodging        | |  1.7
Spellcasting   | |  1.8

Action                   |  1- 3 |  4- 6 || total
-------------------------+-------+-------++-------
 Fire: Sling             |    99 |    97 ||   196
 Cast: Slow              |     2 |     6 ||     8
       Inner Flame       |       |     1 ||     1
  Use: Scroll            |       |     3 ||     3
Armor: Robe              |     9 |    14 ||    23
Dodge: Dodged            |    29 |    37 ||    66

Table legend: (Time is in decaauts)
 A = Elapsed time spent in this place.
 B = Non-inter-level travel time spent in this place.
 C = Inter-level travel time spent in this place.
 D = Time resting spent in this place.
 E = Time spent auto-exploring this place.
 F = Levels seen in this place.
 G = Mean time per level.
                   A        B        C        D        E       F      G
               +--------+--------+--------+--------+--------+-----+--------+
         Total |   2957 |   2880 |     77 |    229 |   2197 |   4 |  739.2 |
       Dungeon |   2957 |   2880 |     77 |    229 |   2197 |   4 |  739.2 |
               +--------+--------+--------+--------+--------+-----+--------+

Top non-repeatable levels by time:
     D:3: 1145 daAuts
     D:1: 1036 daAuts
     D:2: 537 daAuts
     D:4: 238 daAuts
